 Dungeon Crawl Stone Soup version 0.24.0-123-gd5b16e6ec5 (webtiles) character file.

Game seed: 11753103885010007265, levelgen mode: deterministic

598154 Bluestream the Conqueror (level 26, -20/266 HPs)
             Began as a Minotaur Berserker on Feb 3, 2020.
             Was the Champion of Trog.
             Blown up by an ancient lich (37 damage)
             ... with a wavering orb of destruction
             ... on level 5 of the Realm of Zot on Feb 4, 2020.
             The game lasted 03:44:46 (61773 turns).

Bluestream the Conqueror (Minotaur Berserker)      Turns: 61773, Time: 03:44:47

Health: -20/266    AC: 43    Str: 30 (31) XL:     26   Next: 41%
Magic:  22/22      EV: 10    Int:  1 (4)  God:    Trog [******]
Gold:   3017       SH: 23    Dex: 12 (13) Spells: 25/25 levels left

rFire    + . .     SeeInvis .   U - +9 demon whip (vamp)
rCold    . . .     Gourm    .   e - +0 shield {AC+3}
rNeg     . . .     Faith    .   a - +1 crystal plate armour
rPois    .         Spirit   .   T - +2 hat
rElec    .         Reflect  +   D - +2 cloak
rCorr    .         Harm     .   W - +3 pair of gauntlets of War {Slay+5}
MR       ++...                  w - +2 pair of boots
Stlth    ..........             V - +4 amulet of reflection
HPRegen  0.54/turn              l - ring of protection from magic
MPRegen  0.18/turn              L - ring of protection from fire

@: very slightly contaminated, invisible
A: retaliatory headbutt, horns 2, blurry vision 1, deformed body
0: Orb of Zot
}: 3/15 runes: serpentine, barnacled, silver
a: Berserk, Trog's Hand, Brothers in Arms, Renounce Religion


You were on level 5 of the Realm of Zot.
You worshipped Trog.
Trog was exalted by your worship.
You were not hungry.

You visited 9 branches of the dungeon, and saw 49 of its levels.
You visited the Abyss 1 time.

You collected 5049 gold pieces.
You spent 2032 gold pieces at shops.

Inventory:

Hand Weapons
 v - the +11 flail of Plague {flame, rC++ Int-3 Dex+4}
   (Trog gifted it to you on level 2 of the Elven Halls)

   It has been specially enchanted to burn those struck by it, causing extra
   injury to most foes and up to half again as much damage against particularly
   susceptible opponents.
   It affects your intelligence (-3).
   It affects your dexterity (+4).
   It greatly protects you from cold.
 M - a +5 antimagic morningstar
 U - a +9 vampiric demon whip (weapon)
Armour
 a - a +1 crystal plate armour (worn)
 e - a +0 shield of protection (worn)
 w - a +2 pair of boots (worn)
 D - a +2 cloak (worn)
 I - the +2 buckler of the Accordion {rElec rF+ Regen+}
   (You found it on level 1 of the Depths)

   It protects you from fire.
   It insulates you from electricity.
   It increases your rate of regeneration.
 T - a +2 hat (worn)
 W - the +3 pair of gauntlets of War (worn) {Slay+5}
   (You bought it in a shop on level 2 of the Orcish Mines)

   It affects your accuracy and damage with ranged weapons and melee attacks
   (+5).
Jewellery
 d - an uncursed ring of protection from magic
 h - an uncursed ring of ice
 l - a ring of protection from magic (left hand)
 o - an uncursed ring of resist corrosion
 t - an uncursed amulet of guardian spirit
 G - an uncursed ring of magical power {unknown}
 H - an uncursed ring of protection from cold
 L - a ring of protection from fire (right hand)
 R - an uncursed ring of flight
 S - an uncursed ring of positive energy
 V - a +4 amulet of reflection (around neck)
 X - the ring "Lacifee" {+Fly rPois rC- Dex+4}
   (You found it on level 3 of the Elven Halls)

   [ring of poison resistance]

   It affects your dexterity (+4).
   It makes you vulnerable to cold.
   It protects you from poison.
   It lets you fly.
 Y - an uncursed amulet of harm
 Z - the ring of Mathen {+Fly rN+++ Int-3}
   (You found it on level 3 of the Elven Halls)

   [ring of flight]

   It affects your intelligence (-3).
   It renders you almost immune to negative energy.
   It lets you fly.
Wands
 K - a wand of flame (38)
 Q - a wand of polymorph (15)
Scrolls
 f - 9 scrolls of teleportation
 g - 5 scrolls of fear
 q - 18 scrolls of remove curse
 r - a scroll of enchant weapon
 y - a scroll of brand weapon
 z - a scroll of summoning
 A - a scroll of acquirement
 B - 3 scrolls of magic mapping
 N - 2 scrolls of silence
 O - 7 scrolls of fog
Potions
 b - 2 potions of cancellation {unknown}
 i - 4 potions of curing
 j - 7 potions of flight
 k - 8 potions of might
 m - 2 potions of invisibility
 n - a potion of heal wounds
 p - 10 potions of agility
 s - 4 potions of haste
 u - a potion of resistance
 x - 2 potions of berserk rage {unknown}
 C - 4 potions of brilliance
 J - 2 potions of ambrosia
 P - 5 potions of magic
Comestibles
 c - 69 rations


   Skills:
 O Level 27 Fighting
 O Level 27 Maces & Flails
 O Level 27 Armour
 - Level 3.1 Dodging
 + Level 25.3 Shields


You had 25 spell levels left.
You didn't know any spells.
Your spell library was empty.

Dungeon Overview and Level Annotations

Branches:
Dungeon (15/15)            Temple (0/1) D:6            Lair (6/6) D:10
 Shoals (4/4) Lair:4        Snake (4/4) Lair:3        Slime (0/5) Lair:6
    Orc (2/2) D:11            Elf (3/3) Orc:2        Vaults (5/5) D:14
  Crypt (0/3) Vaults:2     Depths (5/5) D:15            Zot (5/5) Depths:5

Altars:
Ashenzari
Cheibriados
Dithmenos
Elyvilon
Fedhas
Gozag
Hepliaklqana
Kikubaaqudgha
Makhleb
Sif Muna
Wu Jian
Yredelemnul
The Shining One
Beogh

Shops:
D:14 :   D:15 ?   Orc:2 }([[*   Snake:1 :![   Snake:4 *=}=   Vaults:2 (
Depths:2 ::   Depths:5 *

Portals:
Hell: Depths:1 Depths:2 Depths:5
Pandemonium: Depths:3
Ziggurat: Depths:3
Trove: Vaults:3 (give +4 storm dragon scales)

Annotations:
D:4 1 runed translucent door, Garessta's ghost, novice TeMo
Lair:6 exclusion: oklob plant
Depths:3 exclusion: 2 lightning spires
Depths:5 2 transporters, Cimmios's ghost, veteran BaIE


Innate Abilities, Weirdness & Mutations

You reflexively headbutt those who attack you in melee.
You have a pair of horns on your head.
Scrolls take you a little longer to read.
Armour fits poorly on your strangely shaped body.


Message History

The ancient lich touches you but does no damage.
The Orb Guardian hits you but does no damage.
The soul eater draws from the surrounding life force!
* * * LOW HITPOINT WARNING * * *
The ancient lich conjures an orb of pure magic.
The Killer Klown blinks!
The yellow draconian throws acid at the ancient lich.
The glob of acid hits the Orb Guardian but does no damage.
The Orb Guardian is splashed with acid!
An ancient lich comes into view.
An orb of destruction comes into view.
Press: ? - help, v - describe, . - travel A dispersal trap.
This square is covered in magical glow.
Really read with blurry vision while enemies are nearby?
The Orb Guardian barely misses you. You furiously retaliate!
You headbutt the Orb Guardian, but do no damage.
You begin reading the scroll.
You continue reading the scroll.
The wavering orb of destruction hits you!!!
You die...

................^..▓
..................▓▓
.................▓▓
▓........L......▓▓
▓▓▓▓▓▓▓▓##.....▓▓
§...^^§.........##
#.........X...&..##
...)........p...^.##
...........3....@6.#
..............XL☼X.#
...............4...#
.............X..d..#
................p..#
.................4.#
..................##
#................##
##.^...^...^....##


You could see Ceozeq, 2 Killer Klowns, 2 ancient liches, a monstrous demonspawn,
a yellow draconian, 3 Orb Guardians, a soul eater, an orange demon, a large
abomination and an ice devil.

Vanquished Creatures
  An orb of fire (Zot:5)
  7 ancient liches
  A juggernaut (Depths:5)
  Bai Suzhen (Vaults:5)
  Vashnia (Snake:4)
  A Killer Klown (Zot:5)
  A curse toe (Zot:5)
  7 golden dragons
  the Enchantress (Depths:2)
  Nikola (Snake:1)
  2 bone dragons (Abyss:3)
  An electric golem (Zot:5)
  Jorgrun (Elf:2)
  10 tentacled monstrosities
  23 Orb Guardians (Zot:5)
  Asterion (Snake:4)
  2 deep elf blademasters (Elf:3)
  2 quicksilver dragons
  3 titans
  3 liches
  4 death cobs
  3 draconian monks
  5 shadow dragons
  3 sphinxes
  Kirke (D:15)
  6 tengu reavers (Vaults:5)
  9 storm dragons
  7 frost giants
  11 nagarajas
  Donald (Snake:1)
  16 deep elf sorcerers
  A cacodemon (Zot:5)
  Aizul (Snake:4)
  6 fire giants
  3 draconian shifters
  11 vault wardens
  An iron dragon (Depths:4)
  3 ghost moths
  3 draconian scorchers
  5 draconian stormcallers
  7 deep elf elementalists
  10 draconian annihilators
  3 spriggan defenders (Depths:2)
  2 vampire knights (Depths:3)
  19 ironheart preservers
  21 stone giants
  9 very ugly things
  6 green draconians
  9 deep elf demonologists
  5 purple draconians
  2 entropy weavers (Vaults:4)
  Azrael (Orc:2)
  7 deep elf annihilators
  6 black draconians
  6 white draconians
  3 spark wasps (Depths:5)
  2 lorocyprocas
  6 red draconians
  An eidolon (Depths:3)
  8 yellow draconians
  4 crystal guardians
  8 fire dragons
  Snorg (Lair:3)
  6 merfolk javelineers
  9 merfolk impalers
  4 deep elf death magi (Elf:3)
  9 ettins
  5 deep elf high priests (Elf:3)
  20 ogre magi
  4 ice dragons
  12 yaktaur captains
  13 naga warriors
  7 great orbs of eyes
  Harold (Lair:1)
  A monstrous demonspawn (Depths:3)
  Fannar (Lair:1)
  The ghost of Chiseanne the Destroyer, a journeyman DsWz of Vehumet (Orc:2)
  27 vault guards
  7 hydras
  3 rakshasas
  6 merfolk aquamancers
  4 merfolk avatars
  6 spriggan air magi
  3 catoblepae (Lair:6)
  3 death knights
  Erica (D:8)
  55 two-headed ogres
  3 alligator snapping turtles
  A queen ant (shapeshifter) (Vaults:5)
  7 centaur warriors
  8 death yaks
  6 anacondas
  30 dancing weapons
  5 deep troll shamans
  A vampire mage (Depths:2)
  4 satyrs
  6 deep troll earth magi
  3 spriggan berserkers
  7 tengu warriors
  A thrashing horror (Abyss:3)
  4 small abominations
  Urug (Lair:1)
  9 orc high priests
  18 naga sharpshooters
  9 hell knights
  2 wretched stars (Abyss:3)
  23 deep elf knights
  2 sixfirhies (Zot:5)
  14 skeletal warriors
  10 shock serpents
  3 salamander mystics
  2 shadow wraiths (Vaults:4)
  An entropy weaver zombie (Vaults:1)
  15 sea snakes
  A gelid demonspawn (Depths:3)
  A spatial maelstrom (Abyss:3)
  A torturous demonspawn (Depths:3)
  An unseen horror (shapeshifter) (Depths:1)
  4 unseen horrors
  3 flayed ghosts
  6 wizards
  30 deep trolls
  Pikel (D:7)
  An orange crystal statue (D:14)
  3 phantasmal warriors (Vaults:5)
  2 harpies (shapeshifter)
  16 deep elf archers
  A lindwurm (Lair:6)
  7 naga ritualists
  5 necromancers
  17 orc knights
  3 glowing orange brains
  2 large abominations
  4 orc sorcerers
  11 harpies
  13 fauns
  18 ironbrand convokers
  2 wolf spiders
  9 mana vipers
  9 cyclopes
  76 deep elf magi
  6 salamanders
  11 manticores
  17 ugly things
  5 merfolk sirens
  10 elephants
  4 centaur zombies
  A worldbinder (Abyss:3)
  A fire giant skeleton (Vaults:1)
  16 moths of wrath
  23 black mambas
  A water nymph (shapeshifter) (Vaults:5)
  9 vault sentinels
  An orange demon (Depths:3)
  A smoke demon (Abyss:3)
  3 molten gargoyles (Depths:2)
  2 water nymphs
  6 gargoyles (D:10)
  Joseph (Lair:1)
  8 guardian serpents
  A titan simulacrum (Vaults:3)
  12 spiny frogs
  A storm dragon simulacrum (Vaults:1)
  20 naga magi
  3 centaur skeletons
  3 rime drakes
  A kobold demonologist (D:15)
  A hellion (Abyss:3)
  A freezing wraith (Vaults:2)
  7 komodo dragons
  37 yaktaurs
  2 hellwings (Abyss:3)
  A demonic crawler (Lair:2)
  4 efreet
  A jumping spider (Vaults:4)
  4 tengu conjurers
  An ancient zyme (Abyss:3)
  An ice devil (Depths:3)
  12 trolls
  A polar bear (shapeshifter) (Vaults:3)
  3 meliai (D:14)
  A queen bee (D:11)
  13 wind drakes
  4 polar bears
  7 hornets
  22 merfolk
  A wind drake (shapeshifter) (Vaults:4)
  An ettin zombie (Vaults:1)
  4 raiju
  A slime creature (shapeshifter) (Depths:1)
  14 hippogriffs
  34 slime creatures
  25 dream sheep
  10 snapping turtles
  A hippogriff (shapeshifter) (Depths:2)
  7 blink frogs (Lair:6)
  6 spriggans
  11 water elementals
  4 air elementals
  2 vampires
  Sigmund (D:5)
  4 fire elementals
  3 wraiths
  45 yaks
  A shadow (D:13)
  A yak (shapeshifter) (Depths:2)
  4 fire bats
  4 wyverns
  2 basilisks (Lair:5)
  2 redbacks (Vaults:4)
  2 hungry ghosts (D:11)
  2 hogs (D:15)
  2 steam dragons (Shoals:2)
  2 vampire mosquitoes (D:13)
  A human simulacrum (Vaults:3)
  A spatial vortex (Abyss:3)
  Edmund (D:6)
  5 wargs
  66 nagas
  A soldier ant (D:11)
  A swamp worm (Lair:2)
  13 water moccasins
  16 porcupines
  3 hell hounds (Orc:2)
  A floating eye (Depths:5)
  A floating eye (shapeshifter) (Vaults:5)
  56 orc warriors
  A black bear (Lair:3)
  7 starcursed masses (Abyss:3)
  An eye of draining (D:14)
  An ogre (shapeshifter) (Vaults:5)
  4 phantoms
  2 slaves (D:7)
  A necrophage (D:8)
  A black bear (shapeshifter) (Depths:2)
  2 eyes of draining (shapeshifter)
  7 sky beasts
  4 ice beasts
  50 ogres
  A hornet zombie (D:12)
  14 wolves
  10 boggarts
  23 centaurs
  11 crocodiles
  A centaur (shapeshifter) (Vaults:5)
  4 big kobolds
  Blork the orc (D:4)
  A big kobold (shapeshifter) (Depths:5)
  16 bullfrogs
  4 earth elementals
  A wyvern zombie (D:12)
  2 scorpions
  A scorpion (shapeshifter) (Vaults:3)
  43 killer bees
  14 wights
  A howler monkey (D:3)
  6 electric eels
  2 bullfrog zombies
  17 crimson imps
  7 jellies
  A quasit (Depths:3)
  21 orc wizards
  36 orc priests
  Crazy Yiuf (D:7)
  12 hounds
  3 iron imps (Depths:3)
  6 bullfrog skeletons
  Terence (D:3)
  3 iguanas
  16 worker ants
  A killer bee zombie (D:7)
  2 hound skeletons
  Robin (D:4)
  A worker ant zombie (D:8)
  A howler monkey skeleton (D:4)
  7 gnolls
  20 adders
  2 shadow imps
  3 white imps
  2 ufetubi
  An ooze (D:3)
  An adder skeleton (D:5)
  A worm (shapeshifter) (Vaults:5)
  3 worms
  5 dart slugs
  8 leopard geckos
  111 orcs
  4 ball pythons
  7 giant cockroaches
  13 goblins
  12 hobgoblins
  7 jackals
  22 kobolds
  6 quokkas
  10 bats
  4 frilled lizards
  8 rats
  3 crawling corpses (Elf:3)
  A plant (Lair:4)
2246 creatures vanquished.

Vanquished Creatures (others)
  2 deep elf master archers (Elf:3)
  A vampire knight (Depths:4)
  A stone giant (Depths:3)
  A deep elf high priest (Elf:3)
  A death knight (Vaults:5)
  An ogre mage (Depths:2)
  2 deep elf knights
  2 deep elf archers (Elf:3)
  A faun (Shoals:2)
  10 yaktaurs
  A rime drake (Shoals:2)
  2 humans (D:15)
  A boggart (Depths:1)
  3 centaurs
  2 orcs
  3 fungi
  A lurking horror (Abyss:3)
  17 plants
52 creatures vanquished.

Grand Total: 2298 creatures vanquished

Notes
Turn   | Place    | Note
-------+----------+-------------------------------------------
     0 | D:1      | Bluestream the Minotaur Berserker began the quest for the
                  | Orb.
     0 | D:1      | Reached XP level 1. HP: 19/19 MP: 0/0
   306 | D:1      | You fall into a shaft and drop 1 floor!
   349 | D:2      | Reached XP level 2. HP: 27/27 MP: 1/1
   359 | D:2      | Found a shadowy altar of Dithmenos.
   743 | D:1      | Reached XP level 3. HP: 26/33 MP: 2/2
   781 | D:1      | Reached ** piety under Trog
  1509 | D:2      | Reached XP level 4. HP: 41/41 MP: 3/3
  2411 | D:3      | Noticed Terence
  2421 | D:3      | Killed Terence
  2508 | D:3      | Reached skill level 5 in Fighting
  2530 | D:3      | Reached XP level 5. HP: 40/48 MP: 4/4
  2541 | D:3      | Reached skill level 5 in Maces & Flails
  2942 | D:3      | Reached *** piety under Trog
  3532 | D:4      | Reached XP level 6. HP: 56/57 MP: 5/5
  3621 | D:4      | Found a runed translucent door.
  3656 | D:4      | Found an ornate altar of the Wu Jian Council.
  3836 | D:4      | Noticed Garessta's ghost (novice TeMo)
  4132 | D:4      | Received a gift from Trog
  4146 | D:4      | Identified the cursed +0 helmet of Somewhere Else {rPois
                  | rN++ Str-4 Slay+2}
  4146 | D:4      | Noticed Robin
  4160 | D:4      | Killed Robin
  4164 | D:4      | Reached XP level 7. HP: 64/64 MP: 6/6
  4215 | D:4      | Noticed Blork the orc
  4232 | D:4      | Killed Blork the orc
  4534 | D:5      | Entered Level 5 of the Dungeon
  4567 | D:5      | Noticed Sigmund
  4584 | D:5      | Killed Sigmund
  4878 | D:5      | Reached **** piety under Trog
  4932 | D:5      | Reached XP level 8. HP: 75/75 MP: 0/7
  5744 | D:6      | Found a basalt altar of Yredelemnul.
  5748 | D:6      | Found an opulent altar of Gozag.
  5748 | D:6      | Found a shimmering blue altar of Sif Muna.
  5750 | D:6      | Found a shadowy altar of Dithmenos.
  5750 | D:6      | Found a hazy altar of Hepliaklqana.
  5757 | D:6      | Found a white marble altar of Elyvilon.
  5826 | D:6      | Found a glowing golden altar of the Shining One.
  6071 | D:6      | Noticed Edmund
  6080 | D:6      | Killed Edmund
  6145 | D:6      | Found a staircase to the Ecumenical Temple.
  6305 | D:7      | Reached skill level 10 in Fighting
  6305 | D:7      | Reached skill level 10 in Maces & Flails
  6383 | D:7      | Noticed a hippogriff
  6397 | D:7      | Killed a hippogriff
  6397 | D:7      | Reached XP level 9. HP: 46/86 MP: 5/8
  6413 | D:7      | HP: 6/129 [ogre/+0 giant spiked club (13)]
  6821 | D:7      | Noticed Pikel
  6835 | D:7      | Killed Pikel
  7058 | D:7      | Found a runed translucent door.
  7059 | D:7      | Noticed Crazy Yiuf
  7064 | D:7      | Killed Crazy Yiuf
  7153 | D:7      | Found a blossoming altar of Fedhas.
  7153 | D:7      | Found an ancient bone altar of Kikubaaqudgha.
  7184 | D:8      | Found a shattered altar of Ashenzari.
  7190 | D:8      | Noticed a two-headed ogre
  7198 | D:8      | Killed a two-headed ogre
  7198 | D:8      | Reached XP level 10. HP: 97/97 MP: 7/9
  7470 | D:8      | Reached ***** piety under Trog
  7934 | D:8      | Noticed Erica
  7945 | D:8      | Killed Erica
  8267 | D:9      | Found a burning altar of Makhleb.
  8795 | D:9      | Found a snail-covered altar of Cheibriados.
  8951 | D:9      | Noticed a two-headed ogre
  8961 | D:9      | Killed a two-headed ogre
  8961 | D:9      | Reached XP level 11. HP: 63/110 MP: 4/10
  9664 | D:10     | Entered Level 10 of the Dungeon
 10011 | D:10     | Reached skill level 1 in Shields
 10070 | D:10     | Found a staircase to the Lair.
 10631 | D:10     | Noticed a two-headed ogre
 10638 | D:10     | Killed a two-headed ogre
 10704 | D:10     | Received a gift from Trog
 10714 | D:10     | Reached skill level 5 in Armour
 11069 | D:10     | Reached skill level 15 in Fighting
 11414 | D:10     | Killed an unseen horror
 11809 | D:11     | Found a staircase to the Orcish Mines.
 11969 | D:11     | Reached XP level 12. HP: 114/121 MP: 2/11
 12277 | D:11     | Found a blossoming altar of Fedhas.
 12854 | D:11     | Noticed a five-headed hydra
 12862 | D:11     | Killed a five-headed hydra
 13252 | D:11     | Reached skill level 10 in Armour
 13766 | D:12     | Found a burning altar of Makhleb.
 13836 | D:12     | Found a blossoming altar of Fedhas.
 14240 | D:12     | Received a gift from Trog
 14241 | D:12     | Got a steaming morningstar {god gift}
 14266 | D:12     | Identified the +5 morningstar of Gonif {venom, SInv} (Trog
                  | gifted it to you on level 12 of the Dungeon)
 15028 | D:13     | Reached XP level 13. HP: 119/132 MP: 10/12
 15075 | D:13     | Reached ****** piety under Trog
 15075 | D:13     | Reached skill level 5 in Shields
 15675 | Lair:1   | Entered Level 1 of the Lair of Beasts
 15675 | Lair:1   | Found a basalt altar of Yredelemnul.
 15926 | Lair:1   | Noticed Fannar
 15936 | Lair:1   | Killed Fannar
 15991 | Lair:1   | Noticed Urug
 16002 | Lair:1   | Killed Urug
 16061 | Lair:1   | Noticed Joseph
 16069 | Lair:1   | Killed Joseph
 16308 | Lair:1   | Received a gift from Trog
 16314 | Lair:1   | Noticed Harold
 16321 | Lair:1   | Killed Harold
 16321 | Lair:1   | Reached skill level 15 in Maces & Flails
 18369 | Lair:3   | Found a staircase to the Snake Pit.
 19227 | Lair:3   | Noticed Snorg
 19237 | Lair:3   | Killed Snorg
 19765 | Lair:4   | Reached XP level 14. HP: 143/143 MP: 10/13
 20484 | Lair:4   | Received a gift from Trog
 20694 | Lair:4   | Found a staircase to the Shoals.
 21697 | Lair:6   | Entered Level 6 of the Lair of Beasts
 21800 | Lair:5   | Received a gift from Trog
 22587 | Lair:6   | Reached skill level 10 in Shields
 22629 | Lair:6   | Found a staircase to the Slime Pits.
 23590 | Lair:6   | Reached XP level 15. HP: 152/152 MP: 11/14
 23946 | Orc:1    | Entered Level 1 of the Orcish Mines
 24324 | Orc:1    | Received a gift from Trog
 24625 | Orc:2    | Entered Level 2 of the Orcish Mines
 24726 | Orc:2    | Found a roughly hewn altar of Beogh.
 24767 | Orc:2    | Noticed Azrael
 24805 | Orc:2    | Killed Azrael
 25096 | Orc:2    | Found a staircase to the Elven Halls.
 25162 | Orc:2    | Reached skill level 15 in Armour
 25213 | Orc:2    | Found a runed translucent gate.
 25213 | Orc:2    | Found a runed translucent gate.
 25213 | Orc:2    | Found a runed translucent gate.
 25214 | Orc:2    | Found an opulent altar of Gozag.
 25214 | Orc:2    | Found Hiefuic's Assorted Antiques.
 25215 | Orc:2    | Noticed Chiseanne's ghost (journeyman DsWz)
 25259 | Orc:2    | Received a gift from Trog
 25887 | Orc:2    | HP: 7/154 [poisoned by an orange demon]
 25893 | Orc:2    | HP: 7/154 [poisoned by an orange demon]
 26460 | Orc:2    | Found Dunkaj's Gadget Shoppe.
 26462 | Orc:2    | Found Gittu's Antique Weapon Emporium.
 26465 | Orc:2    | Found Upawn's Armour Shoppe.
 26466 | Orc:2    | Found Qumydipu's Antique Armour Shoppe.
 26549 | Orc:2    | Killed Chiseanne's ghost
 26628 | Orc:2    | Bought the +3 pair of gauntlets of War {Slay+5} for 1852
                  | gold pieces
 26628 | Orc:2    | Found the +3 pair of gauntlets of War {Slay+5}
 27019 | D:13     | Received a gift from Trog
 27190 | D:13     | You fall into a shaft and drop 1 floor!
 27868 | D:14     | Found a gate to the Vaults.
 27878 | D:14     | Received a gift from Trog
 28075 | D:14     | Found a runed translucent door.
 28447 | D:14     | Received a gift from Trog
 28675 | D:14     | Found Bubraekk's Book Shoppe.
 29021 | D:15     | Entered Level 15 of the Dungeon
 29094 | D:15     | Got a pair of ancient gloves
 29095 | D:15     | Identified the +2 pair of gloves of the King of the Hill
                  | {rF- Regen+ Stlth+} (You found it on level 15 of the
                  | Dungeon)
 29131 | D:15     | Noticed Kirke
 29150 | D:15     | Killed Kirke
 29150 | D:15     | Reached XP level 16. HP: 163/163 MP: 15/15
 29237 | D:15     | Found Momir's Magic Scroll Emporium.
 29250 | D:15     | Bought a scroll of enchant weapon for 90 gold pieces
 29250 | D:15     | Bought a scroll of enchant weapon for 90 gold pieces
 29398 | D:15     | Found a staircase to the Depths.
 30291 | Snake:1  | Entered Level 1 of the Snake Pit
 30293 | Snake:1  | Found Guepp's Book Shop.
 30369 | Snake:1  | Received a gift from Trog
 30685 | Snake:1  | Noticed Nikola
 30703 | Snake:1  | Killed Nikola
 30749 | Snake:1  | Noticed Donald
 30761 | Snake:1  | Killed Donald
 30867 | Snake:1  | Found Rougin's Distillery.
 30926 | Snake:1  | Received a gift from Trog
 30946 | Snake:1  | Found Utojic's Armour Shop.
 31528 | Snake:2  | Reached skill level 15 in Shields
 32314 | Snake:3  | Reached XP level 17. HP: 167/173 MP: 14/16
 33036 | Snake:4  | Entered Level 4 of the Snake Pit
 33124 | Snake:4  | Received a gift from Trog
 33275 | Snake:4  | Noticed Aizul
 33289 | Snake:4  | Killed Aizul
 33330 | Snake:4  | Noticed Asterion
 33341 | Snake:4  | Killed Asterion
 33630 | Snake:4  | Noticed Vashnia
 33732 | Snake:4  | Killed Vashnia
 33801 | Snake:4  | Found Liyfof's Assorted Antiques.
 34016 | Snake:4  | HP: 6/176 [guardian serpent (6)]
 34273 | Snake:4  | Received a gift from Trog
 35128 | Snake:4  | Got a serpentine rune of Zot
 35353 | Snake:4  | Found Batzemm's Jewellery Boutique.
 35355 | Snake:4  | Found Kawiruol's Gadget Shoppe.
 35356 | Snake:4  | Found Umabiddy's Jewellery Boutique.
 35536 | Shoals:1 | Entered Level 1 of the Shoals
 35807 | Shoals:1 | Reached XP level 18. HP: 184/184 MP: 17/17
 37057 | Shoals:2 | Received a gift from Trog
 38380 | Shoals:3 | Received a gift from Trog
 38901 | Shoals:4 | Entered Level 4 of the Shoals
 39629 | Shoals:4 | Received a gift from Trog
 39699 | Shoals:4 | Got a barnacled rune of Zot
 40231 | Vaults:1 | Entered Level 1 of the Vaults
 40600 | Vaults:1 | Reached XP level 19. HP: 195/195 MP: 18/18
 40880 | Vaults:1 | Received a gift from Trog
 41884 | Vaults:2 | Found Moac's Antique Weapon Boutique.
 42228 | Vaults:2 | Received a gift from Trog
 42282 | Vaults:2 | Found a staircase to the Crypt.
 42282 | Vaults:2 | Found an ancient bone altar of Kikubaaqudgha.
 42283 | Vaults:2 | Found a basalt altar of Yredelemnul.
 43353 | Vaults:3 | Received a gift from Trog
 43356 | Vaults:3 | Got a transparent flail {god gift}
 43359 | Vaults:3 | Identified the +1 flail "Kucs" {elec, *Corrode rC++ MR-
                  | Str+4} (Trog gifted it to you on level 3 of the Vaults)
 43475 | Vaults:3 | Reached XP level 20. HP: 167/206 MP: 19/19
 44038 | Vaults:3 | Found a portal to a secret trove of treasure.
 44111 | Vaults:3 | Received a gift from Trog
 45569 | Vaults:4 | Identified a scroll of acquirement
 45673 | Vaults:4 | Received a gift from Trog
 46426 | Elf:1    | Entered Level 1 of the Elven Halls
 46716 | Elf:1    | Received a gift from Trog
 47376 | Elf:1    | Reached XP level 21. HP: 217/217 MP: 20/20
 47585 | Elf:2    | Noticed Jorgrun
 47593 | Elf:2    | Killed Jorgrun
 48212 | Elf:2    | Found a huge runed translucent gate.
 48212 | Elf:2    | Found a huge runed translucent gate.
 48212 | Elf:2    | Found a huge runed translucent gate.
 48213 | Elf:2    | Found a huge runed translucent gate.
 48214 | Elf:2    | Found a huge runed translucent gate.
 48488 | Elf:2    | Received a gift from Trog
 48491 | Elf:2    | Got a bloodstained flail {god gift}
 48492 | Elf:2    | Identified the +11 flail of Plague {flame, rC++ Int-3
                  | Dex+4} (Trog gifted it to you on level 2 of the Elven
                  | Halls)
 49112 | Elf:3    | Entered Level 3 of the Elven Halls
 49440 | Elf:3    | Received a gift from Trog
 50256 | Elf:3    | Received a gift from Trog
 51083 | Elf:3    | Identified the cursed +0 robe of Blue Skies {*Contam rPois
                  | rC+++ Str+3}
 51125 | Elf:3    | Identified the cursed +2 demon trident of Valour {elec,
                  | *Drain Int+4 Dex+2}
 51337 | Elf:3    | Found the cursed +14 obsidian axe {chop, +Fly SInv *Curse}
 51369 | Elf:3    | Got a crude jade ring
 51371 | Elf:3    | Identified the ring "Lacifee" {+Fly rPois rC- Dex+4} (You
                  | found it on level 3 of the Elven Halls)
 51386 | Elf:3    | Identified the amulet of Birphuir {Spirit rPois}
 51402 | Elf:3    | Got a flickering iron ring
 51405 | Elf:3    | Identified the ring of Mathen {+Fly rN+++ Int-3} (You found
                  | it on level 3 of the Elven Halls)
 51825 | Elf:3    | Reached XP level 22. HP: 228/228 MP: 21/21
 52373 | Depths:1 | Entered Level 1 of the Depths
 52505 | Depths:1 | Received a gift from Trog
 52913 | Depths:1 | Found a gateway to Hell.
 53128 | Depths:1 | Got a polished buckler
 53130 | Depths:1 | Identified the +2 buckler of the Accordion {rElec rF+
                  | Regen+} (You found it on level 1 of the Depths)
 53230 | Depths:2 | Received a gift from Trog
 53262 | Depths:2 | Got a faintly glowing mace {god gift}
 53263 | Depths:2 | Identified the +5 mace of Wrongful Imprisonment {venom,
                  | rF++ Int+4} (Trog gifted it to you on level 2 of the
                  | Depths)
 53362 | Depths:2 | Noticed the Enchantress
 53395 | Depths:2 | Killed the Enchantress
 53451 | Depths:2 | Cast into level 3 of the Abyss (spriggan rider)
 53685 | Abyss:3  | Received a gift from Trog
 53808 | Depths:2 | Escaped the Abyss
 53897 | Depths:2 | Found Poggyd's Book Boutique.
 53901 | Depths:2 | Found Mezodgh's Book Boutique.
 54378 | Depths:3 | Found a gateway to a ziggurat.
 54468 | Depths:3 | Found a one-way gate leading to the halls of Pandemonium.
 54475 | Depths:3 | Reached XP level 23. HP: 239/239 MP: 22/22
 54555 | Depths:3 | Received a gift from Trog
 54577 | Depths:3 | Reached skill level 27 in Fighting
 54911 | Depths:5 | Entered Level 5 of the Depths
 54983 | Depths:5 | Noticed a juggernaut
 54998 | Depths:5 | Killed a juggernaut
 55053 | Depths:5 | Found a transporter.
 55056 | Depths:5 | Noticed Cimmios's ghost (veteran BaIE)
 55059 | Depths:5 | Noticed a juggernaut
 55487 | Depths:5 | Found a transporter.
 55805 | Depths:5 | Found a gate to the Realm of Zot.
 56095 | Depths:5 | Found Tise's Antique Artefacts.
 56506 | Depths:4 | Received a gift from Trog
 56819 | Vaults:5 | Entered Level 5 of the Vaults
 56821 | Vaults:5 | Noticed Bai Suzhen
 56949 | Vaults:5 | Killed Bai Suzhen
 57129 | Vaults:5 | Received a gift from Trog
 57202 | Vaults:5 | Reached XP level 24. HP: 211/249 MP: 22/22
 57234 | Vaults:5 | Identified the cursed +1 flail "Killer Klown's Doom"
                  | {drain, Fragile Dex+7}
 57759 | Vaults:5 | Received a gift from Trog
 57998 | Vaults:5 | HP: 7/249 [Brimstone Fiend[a deep elf demonologist] (6)]
 58325 | Vaults:5 | Noticed an ancient lich
 58331 | Vaults:5 | Killed an ancient lich
 58494 | Vaults:5 | Reached skill level 27 in Armour
 58537 | Vaults:5 | Got a silver rune of Zot
 58584 | Vaults:5 | Received a gift from Trog
 58632 | Vaults:5 | Identified the +12 mace of the Sugar Beet {crush, rF+ MR+
                  | Dex-5}
 58935 | Zot:1    | Entered Level 1 of the Realm of Zot
 59428 | Zot:1    | Reached skill level 27 in Maces & Flails
 59442 | Zot:1    | Reached XP level 25. HP: 257/257 MP: 22/22
 59580 | Zot:2    | Received a gift from Trog
 60086 | Zot:5    | Entered Level 5 of the Realm of Zot
 60286 | Zot:5    | Received a gift from Trog
 60390 | Zot:5    | Noticed an orb of fire
 60735 | Zot:5    | Killed an orb of fire
 60753 | Zot:5    | Noticed an ancient lich
 60768 | Zot:5    | Killed an ancient lich
 60774 | Zot:5    | Noticed an ancient lich
 60789 | Zot:5    | Killed an ancient lich
 60900 | Zot:5    | Noticed a Killer Klown
 60917 | Zot:5    | Killed a Killer Klown
 60998 | Zot:5    | Noticed an ancient lich
 61007 | Zot:5    | Killed an ancient lich
 61039 | Zot:5    | Noticed an ancient lich
 61054 | Zot:5    | Killed an ancient lich
 61054 | Zot:5    | Reached XP level 26. HP: 93/266 MP: 13/22
 61390 | Zot:5    | Noticed an ancient lich
 61407 | Zot:5    | Killed an ancient lich
 61613 | Zot:5    | Got the Orb of Zot
 61624 | Zot:5    | Noticed an ancient lich
 61630 | Zot:5    | Gained mutation: Scrolls take you a little longer to read.
                  | [a cacodemon]
 61645 | Zot:5    | Killed an ancient lich
 61679 | Zot:5    | Noticed an ancient lich
 61679 | Zot:5    | Noticed an orb of fire
 61679 | Zot:5    | Noticed an ancient lich
 61695 | Zot:5    | Gained mutation: Armour fits poorly on your strangely
                  | shaped body. [an orb of fire]
 61712 | Zot:5    | HP: 13/266 [Killer Klown/klown pie (40)]
 61747 | Zot:5    | Noticed Ceozeq the pandemonium lord
 61754 | Zot:5    | Noticed an ancient lich
 61771 | Zot:5    | Noticed an ancient lich
 61773 | Zot:5    | Blown up by an ancient lich

Levels and vault maps discovered:
D:1:      dpeg_arrival_castle, layout_rooms
D:2:      minmay_door_path, layout_basic, grunt_dithmenos_smoke_and_mirrors
D:3:      layout_basic, first_ration, uniq_terence
D:4:      minmay_angry_zag, layout_basic, lemuel_coloured_pillars_altar,
          ebering_ghost_sewer_d, uniq_robin, uniq_blork_the_orc
D:5:      layout_loops_ring, uniq_sigmund
D:6:      layout_basic, grunt_temple_overflow_open,
          minmay_temple_entry_purple_smoke, uniq_edmund
D:7:      lemuel_slime, layout_rooms, grunt_temple_overflow_growth_and_decay,
          uniq_crazy_yiuf_cottage, uniq_pikel
D:8:      layout_rooms, evilmike_ruin_ashenzari, uniq_erica
D:9:      layout_grid_maze, kennysheep_little_box, basic_altar,
          minmay_quadrilaterals
D:10:     cheibrodos_statue_roulette, layout_grid_maze, erik_lair_island
D:11:     regret_index_bee_streams, layout_loops_ring, orc_0_dummy, basic_altar,
          the_bakery
D:12:     layout_loops_corners, basic_altar, bloody_makhleb
D:13:     layout_basic
D:14:     layout_loops_corners, david_vaults_1, serial_shops,
          nicolae_shop_temple_entry_statues_fountains, lemuel_statue_altar,
          minmay_crystal_box
D:15:     hangedman_depths_entry_civil_slaughter, layout_basic, serial_shops,
          shop, drop_trap, uniq_kirke
Lair:1:   beast_lair_carwin_large_3, layout_chaotic_city, lemuel_centaur_altar,
          serial_bayou_shore_a, uniq_harold, uniq_urug, uniq_joseph, uniq_fannar
Lair:2:   layout_layer_cave, worms_lemuel
Lair:3:   layout_concentric_octagons, guppyfry_snake_entry_island,
          nicolae_volcano_entry_lava_flow, beast_lair_carwin_6,
          grunt_megastairs_4, uniq_snorg
Lair:4:   layout_regular_city, elwin_shoals_entry_rooms,
          hangedman_lair_unloving_vines, grunt_megastairs_1, lemuel_fruit_tree
Lair:5:   minmay_lair_venomous_thicket, layout_gridlike
Lair:6:   evilmike_catoblepas_cave, layout_gridlike, minmay_slime_entry_pillars
Shoals:1: layout_shoals
Shoals:2: cheibrodos_shoals_satyrical_garden, layout_shoals,
          nicolae_shoals_drake_roost
Shoals:3: cheibrodos_shoals_epimethial_gifts, layout_shoals
Shoals:4: shoals_end_simple, layout_shoals
Snake:1:  layout_misc_corridors, serial_shops, nicolae_shop_statue_plus, shop,
          nicolae_shop_behind_doors, drop_trap, nrook_loot_triangle,
          uniq_nikola, uniq_donald
Snake:2:  layout_honeycomb
Snake:3:  layout_onion_interference
Snake:4:  johnstein_snake_rune_scales, layout_onion, serial_shops, shop,
          nrook_guardian_serpent_ordinary, minmay_shop_grove, uniq_vashnia,
          uniq_aizul, uniq_asterion
Orc:1:    layout_caves
Orc:2:    st_orc_pillars, layout_caves, basic_altar, ebering_ghost_gozag,
          uniq_azrael
Elf:1:    eino_elf_arrival_shootout, layout_geoelf_grid, minmay_elf_sorcery,
          serial_sigils_hangedman_gut
Elf:2:    layout_geoelf_grid, uniq_jorgrun
Elf:3:    minmay_elf_hall_four_x, layout_onion_city
Vaults:1: nicolae_vaults_display_case, hangedman_vaults_corner_blocks,
          nicolae_vaults_three_branches, nicolae_vaults_little_squares_4,
          v_misc_10, vaults_room_door_hall, hangedman_vaults_restitches,
          ontoclasm_vaults_chip, vaults_room_stairs_pillars,
          layout_vaults_omnigrid
Vaults:2: hangedman_vaults_impose, serial_ice_m, vaults_dpeg_ring,
          minmay_crypt_entry_necro_gods, v_misc_18, v_rooms_5,
          nicolae_vaults_network_quinsquares
          [nicolae_vaults_network_quincunx_subvault,
          nicolae_vaults_network_quincunx_subvault,
          nicolae_vaults_network_quincunx_subvault,
          nicolae_vaults_network_quincunx_subvault],
          nicolae_vaults_little_squares_4, vaults_mumra_minichess_inversion,
          vaults_room_fours, ontoclasm_vaults_chip, v_misc_25,
          nicolae_vaults_asterisk, vaults_dpeg_hooks, layout_vaults_maze_snakey,
          serial_shops, nicolae_shop_overgrown_old_shop
Vaults:3: v_misc_2, vaults_room_pools, nicolae_vaults_circle_grid_a,
          ontoclasm_vaults_spin, grunt_vaults_hallway_long,
          grunt_vaults_hallway_short, nicolae_vaults_little_squares_6,
          v_misc_28, v_rooms_3, v_pattern_2, ontoclasm_vaults_claustrophobia,
          nicolae_vaults_windows_and_doors_thing, layout_vaults_omnicross,
          enter_trove_0
Vaults:4: vaults_standard_mumra_enter_the_diamond, v_misc_13, v_misc_27,
          nicolae_vaults_disjoint_gnomons, ontoclasm_vaults_shuriken,
          ontoclasm_vaults_twist, dpeg_vaults_monster_box,
          hangedman_vaults_slither, hangedman_vaults_capsules,
          ontoclasm_vaults_ligature, ontoclasm_vaults_tryst,
          layout_vaults_omnibox
Vaults:5: uniq_bai_suzhen
Depths:1: layout_big_octagon, grunt_metal_band, glass_columns_a,
          statue_in_the_mist_lemuel, kennysheep_generic_room_15
Depths:2: minmay_two_paths, layout_basic, dk_noncrumbling_2, hell_entry,
          minmay_shop_star, uniq_enchantress
Depths:3: minmay_blocking_statues, layout_cave_shapes, enter_ziggurat_e,
          serial_hangedman_research, hangedman_research_thanatology,
          hangedman_research_probablistics, hangedman_research_electronics,
          hangedman_research_toxicology, hangedman_research_convocations,
          grunt_hell_entry_dis_grunt, eino_curves_02, grunt_pan_entry_sceptre,
          bh_walls_and_bars, minmay_staircase_bubble
Depths:4: minmay_rotating_shell, layout_gridlike, abyss_entry_crystal,
          hell_entry, kennysheep_cross_bottleneck, uniq_frederick
Depths:5: grunt_zot_entry_tricorne, layout_gridville, pf_dread_powers_of_hell,
          minmay_strange_pillars, gammafunk_ghost_arena,
          nicolae_antique_artefacts
Zot:1:    layout_concentric_octagons
Zot:2:    layout_gridlike
Zot:3:    layout_cathedral_of_symmetry
Zot:4:    kennysheep_blocky_room, layout_misc_corridors
Zot:5:    layout_twisted_circle

Skill      XL: |  1  2  3  4  5  6  7  8  9 10 11 12 13 14 15 16 17 18 19 20 21 22 23 24 25 26 |
---------------+-------------------------------------------------------------------------------+-----
Fighting       | 4 5 6 8 10 12 14 15 17 18 19 20 21 22 23 24 25 26 27 | 27.0
Maces & Flails | 4 5 6 8 10 12 14 15 16 18 20 21 23 24 27 | 27.0
Armour         | 3 8 11 12 14 16 17 19 20 21 22 23 24 26 27 | 27.0
Dodging        | 3 |  3.1
Shields        | 3 4 8 11 13 15 16 18 23 25 | 25.3

Action                   |  1- 3 |  4- 6 |  7- 9 | 10-12 | 13-15 | 16-18 | 19-21 | 22-24 | 25-27 || total
-------------------------+-------+-------+-------+-------+-------+-------+-------+-------+-------++-------
Melee: Mace              |    75 |   171 |   163 |   348 |       |       |       |       |       ||   757
       Headbutt          |     5 |    30 |    63 |   170 |   407 |   529 |   539 |   672 |   197 ||  2612
       Flail             |       |       |   113 |       |       |       |       |       |       ||   113
       Great mace        |       |       |       |   351 |       |       |       |       |       ||   351
       Morningstar       |       |       |       |    96 |   487 |       |       |       |       ||   583
       Demon whip        |       |       |       |       |  1038 |  1692 |  1859 |  2075 |   576 ||  7240
Invok: Berserk           |     1 |     4 |     8 |    19 |    15 |     7 |       |       |       ||    54
  Use: Scroll            |       |       |    11 |     1 |    13 |    21 |    18 |    12 |     6 ||    82
       Potion            |       |       |       |       |     1 |    11 |     1 |     4 |    13 ||    30
 Stab: Sleeping          |     1 |       |       |       |       |       |       |       |       ||     1
       Distracted        |       |       |       |       |     1 |       |     1 |       |     1 ||     3
  Eat: Chunk             |     3 |    11 |    17 |    27 |    49 |    11 |    32 |    17 |     2 ||   169
       Ration            |       |       |       |     5 |     3 |    10 |     1 |     3 |     2 ||    24
Armor: Animal skin       |    19 |     1 |     1 |       |       |       |       |       |       ||    21
       Scale mail        |       |    52 |    26 |       |       |       |       |       |       ||    78
       Plate armour      |       |       |    99 |   531 |   644 |   684 |   378 |       |       ||  2336
       Crystal plate arm |       |       |       |       |       |       |   229 |   811 |   255 ||  1295
Dodge: Dodged            |    59 |    34 |    33 |   242 |   199 |   340 |   300 |   291 |    90 ||  1588
Block: Large shield      |     2 |    99 |   167 |   253 |  1106 |    55 |       |       |       ||  1682
       Shield            |       |       |       |       |       |  1041 |  1077 |  1238 |   445 ||  3801
       Reflection        |       |       |       |       |       |    43 |   124 |    76 |    10 ||   253
